 Dungeon Crawl Stone Soup version 0.23.1 (webtiles) character file.

Game seed: 0

10686 OdinFK the Thaumaturge (level 11, 0/59 HPs)
             Began as a Deep Elf Fire Elementalist on Mar 6, 2019.
             Was a Priest of Vehumet.
             Slain by a blink frog (17 damage)
             ... on level 2 of the Lair of Beasts on Mar 7, 2019.
             The game lasted 01:04:13 (9450 turns).

OdinFK the Thaumaturge (Deep Elf Fire Elementalist) Turns: 9450, Time: 01:04:14

Health: 0/59       AC: 10    Str:  5    XL:     11   Next: 39%
Magic:  12/29      EV: 16    Int: 24    God:    Vehumet [***...]
Gold:   490        SH:  0    Dex: 15    Spells: 14/35 levels left

rFire    + . .     SeeInvis +   j - +3 dagger
rCold    . . .     Gourm    .   (no shield)
rNeg     + + +     Faith    .   B - +1 robe {rF+}
rPois    .         Spirit   .   I - +0 helmet
rElec    .         Reflect  .   (no cloak)
rCorr    .         Harm     .   r - +0 pair of gloves
MR       +....                  x - +4 pair of boots of Elyvilon's Hope {+Blink rF- rN++ SInv}
Stlth    ++........             t - amulet of regeneration
HPRegen  0.59/turn              D - ring of positive energy
MPRegen  0.21/turn              A - ring of protection from fire

@: about to teleport
A: no striking features
a: Renounce Religion, Evoke Blink


You were on level 2 of the Lair of Beasts.
You worshipped Vehumet.
Vehumet was most pleased with you.
You were not hungry.

You visited 3 branches of the dungeon, and saw 13 of its levels.

You collected 490 gold pieces.

Inventory:

Hand Weapons
 j - a +3 dagger (weapon)
Armour
 r - a +0 pair of gloves (worn)
 x - the +4 pair of boots of Elyvilon's Hope (worn) {+Blink rF- rN++ SInv}
   (You found it on level 7 of the Dungeon)

   It makes you vulnerable to fire.
   It greatly protects you from negative energy.
   It lets you see invisible.
   It lets you blink.
 B - a +1 robe of fire resistance (worn)
 I - a +0 helmet (worn)
Jewellery
 t - an amulet of regeneration (around neck)
 A - a ring of protection from fire (right hand)
 D - a ring of positive energy (left hand)
Wands
 z - a wand of polymorph (6)
 C - a wand of iceblast (15)
 F - a wand of digging (1)
Scrolls
 a - 2 scrolls of vulnerability
 d - 5 scrolls of teleportation
 f - 2 scrolls of blinking {unknown}
 g - a scroll of enchant armour {unknown}
 h - 4 scrolls of amnesia
 i - 6 scrolls of remove curse
 k - 4 scrolls of enchant weapon {unknown}
 m - a scroll of random uselessness {unknown}
 p - 4 scrolls of magic mapping
 s - a scroll of brand weapon {unknown}
 w - a scroll of fog {unknown}
 y - a scroll of immolation {unknown}
Potions
 b - 4 potions of mutation
 e - a potion of resistance
 l - 3 potions of curing
 n - 4 potions of brilliance
 o - a potion of haste {unknown}
 q - a potion of agility {unknown}
 u - a potion of lignification {unknown}
 v - a potion of magic {unknown}
 E - 2 potions of heal wounds
 G - a potion of might {unknown}
 H - a potion of flight {unknown}
Comestibles
 c - 21 rations


   Skills:
 + Level 2.7 Fighting
 + Level 4.3 Short Blades
 + Level 5.9 Dodging
 - Level 2.4 Stealth
 + Level 12.9 Spellcasting
 + Level 10.3 Conjurations
 + Level 10.3 Fire Magic
 * Level 2.3 Air Magic


You had 14 spell levels left.
You knew the following spells:

 Your Spells              Type           Power        Failure   Level  Hunger
a - Flame Tongue          Conj/Fire      #####        1%          1    None
b - Throw Flame           Conj/Fire      ######       1%          2    None
c - Conjure Flame         Conj/Fire      ######..     1%          3    None
d - Sticky Flame          Conj/Fire      ######..     1%          4    None
e - Fireball              Conj/Fire      ######....   1%          5    ###....
f - Blink                 Tloc           N/A          6%          2    None
g - Airstrike             Air            ####......   4%          4    None

Your spell library contained the following spells:

 Spells                   Type           Power        Failure   Level  Hunger
 Magic Dart               Conj           ####         1%          1    None
 Dazzling Spray           Conj/Hex       #####.       1%          3    None
 Inner Flame              Hex/Fire       #####...     1%          3    None
 Mephitic Cloud           Conj/Pois/Air  #####...     1%          3    None
 Corona                   Hex            ###....      4%          1    None
 Call Imp                 Summ           ###.....     6%          2    None
 Ensorcelled Hibernation  Hex/Ice        ###...       6%          2    None
 Slow                     Hex            ###.....     6%          2    None
 Confuse                  Hex            ###.....     12%         3    None
 Tukima's Dance           Hex            ###.....     12%         3    None
 Conjure Ball Lightning   Conj/Air       #####.....   12%         6    #####..
 Summon Lightning Spire   Summ/Air       ###.....     24%         4    None
 Silence                  Hex/Air        ###.......   56%         5    ###....
 Deflect Missiles         Chrm/Air       ###.......   98%         6    #####..
 Tornado                  Air            ####......   100%        9    #######


Dungeon Overview and Level Annotations

Branches:
Dungeon (10/15)            Temple (1/1) D:6            Lair (2/6) D:8
    Orc (0/2) D:9
  Swamp: Lair:2-4    Shoals: Lair:2-4     Snake: Lair:2-4    Spider: Lair:2-4

Altars:
Ashenzari
Cheibriados
Dithmenos
Elyvilon
Fedhas
Gozag
Hepliaklqana
Kikubaaqudgha
Makhleb
Nemelex Xobeh
Okawaru
Qazlal
Ru
Sif Muna
Trog
Uskayaw
Vehumet
Wu Jian
Xom
Yredelemnul
Zin
The Shining One
Lugonu

Shops:
D:7 =

Portals:
Trove: D:10 (give 6 potions of haste)

Annotations:
D:6 2 transporters
D:7 2 transporters
D:8 Maurice
D:9 Erolcha
Lair:1 exclusion: oklob plant


Message History

The blink frog burns!
The blink frog burns!
The blink frog hits you.
* * * LOW HITPOINT WARNING * * *
The blink frog blinks!
Found a stone staircase leading down.
Press: ? - help, v - describe, . - travel
Here: a blink frog The floor.
Press: ? - help, v - describe, . - travel
Here: a blink frog The floor.
Unknown command.
Evoke which item? (* to show all) (? for menu, Esc to quit)
Okay, then.
Press: ? - help, v - describe, . - travel The floor.
Unknown command.
As you read the scroll of teleportation, it crumbles to dust.
You feel strangely unstable.
The blink frog burns!
The blink frog hits you!
You die...

##..###...#..P##P.###
....................
..................## #
#..................#.#
....F....##.F....P#F..
#?..........#<...PP...
#...........#.F.......
......P.....#.F...#...
#.....#.....#.@..P....
#..F..F#...P#......#P.
..................##
..............
...............
...............
.>...F.........
P..##..........


You could see a spiny frog (sleeping) and 4 blink frogs.

Vanquished Creatures
  Pikel (D:7)
  A black mamba (Lair:1)
  2 spiny frogs
  A komodo dragon (Lair:1)
  A troll (D:10)
  Prince Ribbit (D:6)
  2 slime creatures (D:7)
  7 hippogriffs
  5 yaks (D:10)
  3 hungry ghosts
  A steam dragon (D:9)
  2 porcupines (Lair:1)
  2 water moccasins
  2 sky beasts
  A swamp drake (D:9)
  4 orc warriors
  A phantom (D:10)
  A black bear (D:8)
  4 ogres
  4 wolves (Lair:1)
  8 centaurs
  4 crocodiles
  4 big kobolds
  8 bullfrogs
  2 gnoll sergeants (D:7)
  A water moccasin skeleton (D:5)
  5 scorpions
  5 wights (D:10)
  3 howler monkeys
  A crimson imp (D:7)
  3 jellies
  2 centaur zombies (D:10)
  4 hounds
  4 orc priests
  A bullfrog skeleton (D:10)
  A centaur skeleton (D:9)
  6 orc wizards
  An iguana (D:8)
  7 worker ants
  A hound zombie (D:5)
  2 hound skeletons
  2 worker ant zombies
  4 gnolls (D:7)
  5 adders
  A shadow imp (D:10)
  5 oozes (D:7)
  A worm (D:2)
  3 adder skeletons
  2 dart slugs
  5 leopard geckos
  31 orcs
  6 giant cockroaches
  6 goblins
  3 hobgoblins (D:1)
  4 jackals
  16 kobolds
  3 quokkas
  A ball python (D:2)
  10 bats
  4 frilled lizards
  A leopard gecko zombie (D:5)
  A quokka zombie (D:5)
  10 rats
243 creatures vanquished.

Vanquished Creatures (others)
  A bullfrog (D:7)
  14 fungi
  10 toadstools (D:7)
25 creatures vanquished.

Grand Total: 268 creatures vanquished

Notes
Turn   | Place    | Note
-------+----------+-------------------------------------------
     0 | D:1      | OdinFK the Deep Elf Fire Elementalist began the quest for
                  | the Orb.
     0 | D:1      | Reached XP level 1. HP: 10/10 MP: 6/6
   132 | D:1      | You fall through a shaft!
   132 | D:2      | Found an ornate altar of the Wu Jian Council.
   147 | D:2      | Noticed a worker ant
   163 | D:2      | Found a glowing golden altar of the Shining One.
   241 | D:1      | Reached XP level 2. HP: 15/15 MP: 5/8
   441 | D:1      | Learned a level 2 spell: Throw Flame
   841 | D:2      | Reached XP level 3. HP: 19/19 MP: 1/10
   864 | D:2      | Learned a level 3 spell: Conjure Flame
  1193 | D:2      | Reached XP level 4. HP: 21/24 MP: 6/11
  1199 | D:2      | Learned a level 4 spell: Sticky Flame
  1769 | D:3      | Reached skill level 4 in Spellcasting
  2015 | D:4      | Noticed an ogre
  2022 | D:4      | Killed an ogre
  2022 | D:4      | Reached XP level 5. HP: 28/28 MP: 3/13
  2283 | D:4      | Reached XP level 6. HP: 33/33 MP: 6/15
  2291 | D:4      | Found a hazy altar of Hepliaklqana.
  2394 | D:4      | Reached skill level 5 in Spellcasting
  2675 | D:5      | Entered Level 5 of the Dungeon
  2757 | D:5      | Found a shattered altar of Ashenzari.
  2796 | D:5      | Reached skill level 5 in Fire Magic
  3046 | D:5      | Reached skill level 1 in Short Blades
  3046 | D:5      | Reached XP level 7. HP: 15/37 MP: 8/17
  3048 | D:5      | Reached skill level 5 in Conjurations
  3341 | D:5      | Found a glowing silver altar of Zin.
  3528 | D:5      | Reached skill level 6 in Spellcasting
  3795 | D:5      | Reached skill level 1 in Fighting
  3848 | D:5      | Found a burning altar of Makhleb.
  4092 | D:6      | Reached XP level 8. HP: 43/43 MP: 7/19
  4099 | D:6      | Learned a level 5 spell: Fireball
  4133 | D:6      | Found a white marble altar of Elyvilon.
  4140 | D:6      | Found a bloodstained altar of Trog.
  4145 | D:6      | Found a deep blue altar of Sif Muna.
  4302 | D:6      | Found a transporter.
  4311 | D:6      | Found a hide-covered altar of Uskayaw.
  4512 | D:6      | Found a transporter.
  4565 | D:6      | Found a staircase to the Ecumenical Temple.
  4565 | D:6      | Noticed Prince Ribbit
  4573 | D:6      | Killed Prince Ribbit
  4582 | Temple   | Entered the Ecumenical Temple
  4608 | Temple   | Became a worshipper of Vehumet
  4720 | D:7      | Reached skill level 7 in Spellcasting
  4755 | D:7      | Found Jucyl Iwn's Jewellery Shop.
  4819 | D:7      | You fall through a shaft for 2 floors!
  4933 | D:8      | Noticed a hippogriff
  4960 | D:7      | Noticed Pikel
  4961 | D:7      | Noticed a hippogriff
  4986 | D:7      | Killed Pikel
  4986 | D:7      | Reached skill level 8 in Spellcasting
  4998 | D:7      | Killed a hippogriff
  4998 | D:7      | Reached skill level 9 in Spellcasting
  4998 | D:7      | Reached XP level 9. HP: 40/47 MP: 9/24
  5105 | D:7      | Found a sacrificial altar of Ru.
  5127 | D:7      | Noticed a cyclops
  5129 | D:7      | Found a transporter.
  5138 | D:7      | Found a transporter.
  5500 | D:7      | Got a pair of smoking boots
  5506 | D:7      | Identified the +4 pair of boots of Elyvilon's Hope {+Blink
                  | rF- rN++ SInv} (You found it on level 7 of the Dungeon)
  5558 | D:7      | Found an iron altar of Okawaru.
  5582 | D:7      | Reached * piety under Vehumet
  5582 | D:7      | Offered knowledge of Shock by Vehumet.
  5625 | D:7      | Reached skill level 10 in Spellcasting
  5951 | D:7      | Reached skill level 5 in Dodging
  6130 | D:8      | Reached XP level 10. HP: 42/53 MP: 8/26
  6208 | D:8      | Offered knowledge of Sting by Vehumet.
  6248 | D:8      | Reached ** piety under Vehumet
  6411 | D:8      | Found a blossoming altar of Fedhas.
  6508 | D:8      | Noticed Maurice
  6786 | D:8      | Found a staircase to the Lair.
  6930 | D:9      | Noticed Erolcha
  7005 | D:9      | Found an opulent altar of Gozag.
  7075 | D:9      | Reached skill level 11 in Spellcasting
  7118 | D:9      | Found a staircase to the Orcish Mines.
  7271 | D:9      | Offered knowledge of Ignite Poison by Vehumet.
  7658 | D:10     | Entered Level 10 of the Dungeon
  7707 | D:10     | Found a portal to a secret trove of treasure.
  7757 | D:10     | Reached *** piety under Vehumet
  8304 | D:10     | Offered knowledge of Airstrike by Vehumet.
  8304 | D:10     | Reached skill level 12 in Spellcasting
  8459 | D:10     | Reached XP level 11. HP: 59/59 MP: 20/29
  8463 | D:10     | Learned a level 2 spell: Blink
  8624 | D:10     | Learned a level 4 spell: Airstrike
  8747 | Lair:1   | Entered Level 1 of the Lair of Beasts
  8846 | Lair:1   | Reached skill level 10 in Fire Magic
  8875 | Lair:1   | Noticed an oklob plant
  8984 | Lair:1   | Reached skill level 1 in Air Magic
  9061 | Lair:1   | Reached skill level 10 in Conjurations
  9450 | Lair:2   | Slain by a blink frog

Skill      XL: |  1  2  3  4  5  6  7  8  9 10 11 |
---------------+----------------------------------+-----
Conjurations   | 2 3 4 6 7 8 9 10 | 10.3
Fire Magic     | 4 5 7 8 9 10 | 10.3
Dodging        | 3 4 5 |  5.9
Spellcasting   | 4 5 6 9 10 12 | 12.9
Short Blades   | 1 2 3 4 |  4.3
Fighting       | 1 2 |  2.7
Air Magic      | 2 |  2.3
Stealth        | |  2.4

Action                   |  1- 3 |  4- 6 |  7- 9 | 10-12 || total
-------------------------+-------+-------+-------+-------++-------
Melee: Unarmed           |    10 |       |       |       ||    10
       Dagger            |     5 |    73 |    96 |   152 ||   326
 Cast: Flame Tongue      |    46 |    49 |    96 |   141 ||   332
       Throw Flame       |    14 |    21 |    34 |    39 ||   108
       Sticky Flame      |       |     7 |    36 |    48 ||    91
       Conjure Flame     |       |     2 |     8 |     6 ||    16
       Fireball          |       |       |     3 |    13 ||    16
Evoke: Wand              |       |       |       |     1 ||     1
  Use: Scroll            |       |       |     8 |     5 ||    13
 Stab: Sleeping          |       |     2 |     1 |       ||     3
       Distracted        |       |       |       |     1 ||     1
  Eat: Chunk             |     1 |     6 |    10 |     9 ||    26
       Ration            |       |       |     2 |     1 ||     3
Armor: Robe              |     7 |     8 |    27 |    54 ||    96
Dodge: Dodged            |    20 |    78 |    99 |   153 ||   350
